 Dungeon Crawl Stone Soup version 0.29-a0-43-g62a80824bf (webtiles) character file.

Game seed: 5935632565655958146

3 zazu2006 the Sneak (level 1, 0/15 HPs)
             Began as a Naga Hedge Wizard on Feb 3, 2022.
             Slain by a jackal (1 damage)
             ... on level 1 of the Dungeon.
             The game lasted 00:00:20 (91 turns).

zazu2006 the Sneak (Naga Hedge Wizard)                Turns: 91, Time: 00:00:20

Health: 0/15       AC:  1    Str: 12    XL:     1   Next: 50%
Magic:  0/4        EV:  9    Int: 14    God:
Gold:   11         SH:  0    Dex: 10    Spells: 5/6 levels left

rFire   . . .      SeeInvis +   a - +0 dagger
rCold   . . .      Faith    .   (no shield)
rNeg    . . .      Spirit   .   b - +0 robe
rPois   +          Reflect  .   c - +0 hat
rElec   .          Harm     .   (no cloak)
rCorr   .          Rampage  .   (no gloves)
Will    .....                   (no barding)
Stlth   ++........              (no amulet)
HPRegen 0.05/turn               (no ring)
MPRegen 0.09/turn               (no ring)

@: very slow
A: AC +0, large, see invisible, deformed body, poison resistance, slowness 2,
spit poison 1, naga tail 1
a: Spit Poison


You were on level 1 of the Dungeon.
You visited 1 branch of the dungeon, and saw 1 of its levels.

You collected 11 gold pieces.

Inventory:

Hand Weapons
 a - a +0 dagger (weapon)
Armour
 b - a +0 robe (worn)
 c - a +0 hat (worn)
Potions
 d - a potion of degeneration {unknown}


   Skills:
 + Level 1.5 Dodging
 + Level 3.2 Stealth
 + Level 3.1 Spellcasting
 + Level 1.0 Conjurations
 + Level 1.0 Summonings
 + Level 1.0 Translocations


You had 5 spell levels left.
You knew the following spells:

 Your Spells              Type           Power      Damage    Failure   Level
a - Magic Dart            Conj           20%        1d4       14%         1

Your spell library contained the following spells:

 Spells                   Type           Power      Damage    Failure   Level
 Slow                     Hex            8%         N/A       22%         1
 Blink                    Tloc           10%        N/A       22%         2
 Call Imp                 Summ           5%         N/A       22%         2
 Conjure Flame            Conj/Fire      3%         6-21      45%         3
 Mephitic Cloud           Conj/Pois/Air  3%         N/A       50%         3


Dungeon Overview and Level Annotations

Branches:
Dungeon (1/15)

Altars:


Innate Abilities, Weirdness & Mutations

Your serpentine skin is tough. (AC +0)
You have supernaturally acute eyesight. (SInv)
Armour fits poorly on your strangely shaped body.
Your system is resistant to poisons. (rPois)
You cover ground very slowly.
You can spit poison.
You have a snake-like lower body.


Message History

The jackal is heavily wounded.
The jackal closely misses you.
Unknown command.
You hit the jackal but do no damage.
The jackal is heavily wounded.
You have got your breath back.
The jackal barely misses you.
You hit the jackal.
You kill the jackal!
The jackal bites you.
Aiming: Spit Poison (3% risk of failure)
Press: ? - help, Shift-Dir - straight line, f - jackal
Aim: a jackal (43% to hit)
The splash of poison misses the jackal.
The splash of poison hits the jackal.
The jackal is poisoned.
The jackal is heavily wounded.
The jackal barely misses you.
Casting: Magic Dart (safe; 14% risk of failure)
Confirm with . or Enter, or press ? or * to list all spells.
Aiming: Magic Dart (safe; 14% risk of failure)
Press: ? - help, Shift-Dir - straight line, f/p - jackal
Aim: a jackal (100% to hit)
The magic dart hits the jackal but does no damage.
You kill the jackal!
The jackal barely misses you. The jackal bites you.
* * * LOW HITPOINT WARNING * * *
You hit the jackal but do no damage. The jackal bites you.
* * * LOW HITPOINT WARNING * * *
You barely miss the jackal.
The jackal bites you but does no damage.
You hit the jackal.
The jackal is severely wounded.
The jackal bites you.
* * * LOW HITPOINT WARNING * * *
The jackal closely misses you.
You hit the jackal.
The jackal is almost dead.
You have got your breath back.
The jackal bites you.
You die...

######### ........#
#######.############
................@h†###
.####.####.####(##...#
..##...##...##...###..#
⌠.##.⌠.##.⌠.##.⌠.# ##.#
..##...##...##...# .#
.####.####.####.## h#
.####.####.####.# .#
.....(........... .#
.......<......... ##


You could see a jackal.

Vanquished Creatures
  2 jackals (D:1)
  A bat (D:1)
3 creatures vanquished.

Notes
Turn   | Place    | Note
-------+----------+-------------------------------------------
     0 | D:1      | zazu2006 the Naga Hedge Wizard began the quest for the Orb.
     0 | D:1      | Reached XP level 1. HP: 15/15 MP: 4/4
    91 | D:1      | Slain by a jackal

Illustrated notes

Levels and vault maps discovered:
D:1:      dpeg_arrival_chambers_temple_mockup, layout_rooms,
          shapermc_ecumenical_altar_mp_urbaneastern, serial_shops,
          nicolae_shop_competitors_out_of_business

Action                   || total
-------------------------++-------
Melee: Dagger            ||     6
 Cast: Magic Dart        ||     6
 Abil: Spit Poison       ||     2
Armor: Robe              ||     1
Dodge: Dodged            ||     9

Table legend: (Time is in decaauts)
 A = Elapsed time spent in this place.
 B = Non-inter-level travel time spent in this place.
 C = Inter-level travel time spent in this place.
 D = Time resting spent in this place.
 E = Time spent auto-exploring this place.
 F = Levels seen in this place.
 G = Mean time per level.
                   A        B        C        D        E       F      G
               +--------+--------+--------+--------+--------+-----+--------+
         Total |    112 |    112 |      0 |      0 |     87 |   1 |  112.0 |
       Dungeon |    112 |    112 |      0 |      0 |     87 |   1 |  112.0 |
               +--------+--------+--------+--------+--------+-----+--------+

Top non-repeatable levels by time:
     D:1: 112 daAuts
